TOP OF THE 1ST |
Pure Michigan Great Lakers batting - Pitching for Hialeah Dodos : RHP José Guzmán
|
Pitching: RHP José Guzmán
|
|
Batting: RHB Manny Hernández
|
0-0: Ball 1-0: Called Strike 1-1: Ball 2-1: SINGLE (Groundball, 6MD)
|
Batting: RHB Adrian Barr
|
0-0: Ball 1-0: Called Strike 1-1: Foul Ball, location: 2F 1-2: Foul Ball, location: 2F 1-2: Ball 2-2: Ball 3-2: Base on Balls Manny Hernández to second
|
Batting: RHB Paco Rodríguez
|
0-0: SINGLE (Line Drive, 34D) Manny Hernández to third Adrian Barr to second
|
Batting: RHB Henry Potts
|
0-0: Ball 1-0: Foul Ball, location: 2F 1-1: Foul Ball, location: 2F 1-2: Ball 2-2: Ball Passed Ball! Manny Hernández scores Adrian Barr to third Paco Rodríguez to second 3-2: Foul Ball, location: 2F 3-2: Foul Ball, location: 2F 3-2: Base on Balls
|
Batting: RHB Jason Shaffer
|
0-0: Called Strike 0-1: Ball 1-1: Foul Ball, location: 2F 1-2: Ball 2-2: Strikes out swinging
|
Batting: RHB Shi-young Chang
|
0-0: Ball 1-0: Ball 2-0: Grounds into double play, 6-4-3 (Groundball, 6)
|
Top of the 1st over - 1 run(s), 2 hit(s), 0 error(s), 2 left on base; Pure Michigan 1 - Hialeah 0 |
BOTTOM OF THE 1ST |
Hialeah Dodos batting - Pitching for Pure Michigan Great Lakers : LHP Jim Unknown
|
Pitching: LHP Jim Unknown
|
|
Batting: LHB Alberto Enríquez
|
0-0: Ball 1-0: Swinging Strike 1-1: Fly out, F7 (Line Drive, 78M)
|
Batting: RHB Javier Santos
|
0-0: Ball 1-0: Called Strike 1-1: Ball 2-1: Swinging Strike 2-2: Foul Ball, location: 2F 2-2: SINGLE (Line Drive, 78S)
|
Batting: RHB Mitch Jensen
|
0-0: Foul Ball, location: 2F 0-1: Ball 1-1: Foul Ball, location: 2F Balk! Javier Santos to second 1-2: SINGLE (Line Drive, 8LS) Javier Santos to third
|
Batting: LHB Alfonso Núñez
|
0-0: Swinging Strike 0-1: Swinging Strike 0-2: Strikes out looking
|
Batting: RHB Pedro Longoria
|
0-0: Called Strike 0-1: Ball 1-1: Called Strike 1-2: Ground out 5-3 (Groundball, 56)
|
Bottom of the 1st over - 0 run(s), 2 hit(s), 0 error(s), 2 left on base; Pure Michigan 1 - Hialeah 0 |
TOP OF THE 2ND |
Pure Michigan Great Lakers batting - Pitching for Hialeah Dodos : RHP José Guzmán
|
Batting: LHB Jesús Pérez
|
0-0: Fly out, F8 (Flyball, 8RM)
|
Batting: RHB Dan Finch
|
0-0: Called Strike 0-1: Ball 1-1: Called Strike 1-2: Ball 2-2: Strikes out looking
|
Batting: RHB Greg Hart
|
0-0: DOUBLE (Line Drive, 8RXD)
|
Batting: RHB Manny Hernández
|
0-0: Ball 1-0: Swinging Strike 1-1: Fly out, F3 (Popup, 3DF)
|
Top of the 2nd over - 0 run(s), 1 hit(s), 0 error(s), 1 left on base; Pure Michigan 1 - Hialeah 0 |
BOTTOM OF THE 2ND |
Hialeah Dodos batting - Pitching for Pure Michigan Great Lakers : LHP Jim Unknown
|
Batting: LHB Jeff Conklin
|
0-0: Ball 1-0: Ball 2-0: Ball 3-0: Called Strike 3-1: Base on Balls
|
Batting: RHB Ji-chol Yang
|
0-0: SINGLE (Line Drive, 4MD) Jeff Conklin to second
|
Batting: RHB Carl Carlson
|
0-0: Ball 1-0: Ball 2-0: Foul Ball, location: 2F 2-1: Fly out, F7 (Flyball, 7M)
|
Batting: RHB Alexis Smeddon
|
0-0: Ball 1-0: Called Strike 1-1: Ball 2-1: Ball 3-1: Called Strike 3-2: Base on Balls Jeff Conklin to third Ji-chol Yang to second
|
Batting: LHB Alberto Enríquez
|
0-0: Called Strike 0-1: Ball 1-1: Ball 2-1: Ball 3-1: Base on Balls Jeff Conklin scores Ji-chol Yang to third Alexis Smeddon to second
|
Batting: RHB Javier Santos
|
0-0: SINGLE (Groundball, 4MD) (infield hit) Ji-chol Yang scores Alexis Smeddon to third Alberto Enríquez to second
|
Batting: RHB Mitch Jensen
|
0-0: Called Strike 0-1: Foul Ball, location: 2F 0-2: Strikes out looking
|
Batting: LHB Alfonso Núñez
|
0-0: SINGLE (Flyball, 8RS) Alexis Smeddon scores Alberto Enríquez to third Javier Santos to second Runner from 3rd tries for Home, SAFE, no throw or cutoff
|
Batting: RHB Pedro Longoria
|
0-0: Swinging Strike 0-1: Foul Ball, location: 2F 0-2: Foul Ball, location: 2F 0-2: Ball 1-2: Fielders Choice at 2nd, 6-4 (Groundball, 6S)
|
Bottom of the 2nd over - 4 run(s), 3 hit(s), 0 error(s), 1 left on base; Pure Michigan 1 - Hialeah 4 |
TOP OF THE 3RD |
Pure Michigan Great Lakers batting - Pitching for Hialeah Dodos : RHP José Guzmán
|
Batting: RHB Adrian Barr
|
0-0: Ball 1-0: Called Strike 1-1: Foul Ball, location: 2F 1-2: Strikes out swinging
|
Batting: RHB Paco Rodríguez
|
0-0: Ball 1-0: Ground out 4-3 (Groundball, 4M)
|
Batting: RHB Henry Potts
|
0-0: Swinging Strike 0-1: SINGLE (Line Drive, 56)
|
Batting: RHB Jason Shaffer
|
0-0: Ball 1-0: Ball 2-0: SINGLE (Groundball, 6M) Henry Potts to second Runner from 2nd tries for 3rd, SAFE, throw made to third
|
Batting: RHB Shi-young Chang
|
0-0: Ball 1-0: Called Strike 1-1: SINGLE (Line Drive, 6MD) Henry Potts scores Jason Shaffer to second
|
Batting: LHB Jesús Pérez
|
0-0: Foul Ball, location: 2F 0-1: Foul Ball, location: 2F 0-2: Ball 1-2: Strikes out looking
|
Top of the 3rd over - 1 run(s), 3 hit(s), 0 error(s), 2 left on base; Pure Michigan 2 - Hialeah 4 |
BOTTOM OF THE 3RD |
Hialeah Dodos batting - Pitching for Pure Michigan Great Lakers : LHP Jim Unknown
|
Batting: LHB Jeff Conklin
|
0-0: Called Strike 0-1: Called Strike 0-2: Fly out, F7 (Flyball, 7M)
|
Batting: RHB Ji-chol Yang
|
0-0: Called Strike 0-1: Ball 1-1: Ball 2-1: Called Strike 2-2: Foul Ball, location: 2F 2-2: Fly out, F3 (Popup, 3SF)
|
Batting: RHB Carl Carlson
|
0-0: Ball 1-0: Called Strike 1-1: Ball 2-1: Ball 3-1: Called Strike 3-2: Ground out 5-3 (Groundball, 15S)
|
Bottom of the 3rd over - 0 run(s), 0 hit(s), 0 error(s), 0 left on base; Pure Michigan 2 - Hialeah 4 |
TOP OF THE 4TH |
Pure Michigan Great Lakers batting - Pitching for Hialeah Dodos : RHP José Guzmán
|
Batting: RHB Dan Finch
|
0-0: Ball 1-0: Called Strike 1-1: Fly out, F8 (Flyball, 8RXD)
|
Batting: RHB Greg Hart
|
0-0: Ball 1-0: Ball 2-0: Called Strike 2-1: Ground out 5-3 (Groundball, 5S)
|
Batting: RHB Manny Hernández
|
0-0: Called Strike 0-1: Ball 1-1: Swinging Strike 1-2: Ball 2-2: Ball 3-2: Base on Balls
|
Batting: RHB Adrian Barr
|
0-0: Ball 1-0: Ground out 5-3 (Groundball, 56)
|
Top of the 4th over - 0 run(s), 0 hit(s), 0 error(s), 1 left on base; Pure Michigan 2 - Hialeah 4 |
BOTTOM OF THE 4TH |
Hialeah Dodos batting - Pitching for Pure Michigan Great Lakers : LHP Jim Unknown
|
Batting: RHB Alexis Smeddon
|
0-0: Ground out 6-3 (Groundball, 6)
|
Batting: LHB Alberto Enríquez
|
0-0: Ball 1-0: Swinging Strike 1-1: Foul Ball, location: 2F 1-2: Strikes out looking
|
Batting: RHB Javier Santos
|
0-0: Swinging Strike 0-1: Ball 1-1: SINGLE (Groundball, 34)
|
Batting: RHB Mitch Jensen
|
0-0: Called Strike 0-1: Ball 1-1: Foul Ball, location: 2F 1-2: Ball 2-2: Fly out, F9 (Flyball, 89D)
|
Bottom of the 4th over - 0 run(s), 1 hit(s), 0 error(s), 1 left on base; Pure Michigan 2 - Hialeah 4 |
TOP OF THE 5TH |
Pure Michigan Great Lakers batting - Pitching for Hialeah Dodos : RHP José Guzmán
|
Batting: RHB Paco Rodríguez
|
0-0: Ball 1-0: Swinging Strike 1-1: Ball 2-1: Ball 3-1: Foul Ball, location: 2F 3-2: Strikes out swinging
|
Batting: RHB Henry Potts
|
0-0: Ball 1-0: Called Strike 1-1: Ball 2-1: Ball 3-1: Swinging Strike 3-2: Base on Balls
|
Batting: RHB Jason Shaffer
|
0-0: Fly out, F8 (Flyball, 8RD)
|
Batting: RHB Shi-young Chang
|
0-0: Called Strike 0-1: Ball 1-1: Swinging Strike 1-2: Strikes out swinging
|
Top of the 5th over - 0 run(s), 0 hit(s), 0 error(s), 1 left on base; Pure Michigan 2 - Hialeah 4 |
BOTTOM OF THE 5TH |
Hialeah Dodos batting - Pitching for Pure Michigan Great Lakers : LHP Jim Unknown
|
Batting: LHB Alfonso Núñez
|
0-0: Ball 1-0: Foul Ball, location: 2F 1-1: Ball 2-1: Ball 3-1: Foul Ball, location: 2F 3-2: Fly out, F9 (Flyball, 9D)
|
Batting: RHB Pedro Longoria
|
0-0: Called Strike 0-1: Ball 1-1: SINGLE (Groundball, 56D)
|
Batting: LHB Jeff Conklin
|
0-0: Grounds into double play, 3-6-3 (Groundball, 3)
|
Bottom of the 5th over - 0 run(s), 1 hit(s), 0 error(s), 0 left on base; Pure Michigan 2 - Hialeah 4 |
TOP OF THE 6TH |
Pure Michigan Great Lakers batting - Pitching for Hialeah Dodos : RHP José Guzmán
|
Batting: LHB Jesús Pérez
|
0-0: Called Strike 0-1: SOLO HOME RUN (Flyball, 9D), Distance : 391 ft
|
Batting: RHB Dan Finch
|
0-0: Called Strike 0-1: Ball 1-1: Swinging Strike 1-2: Ground out 4-3 (Groundball, 4M)
|
Batting: RHB Greg Hart
|
0-0: Ball 1-0: Fly out, F4 (Popup, 34D)
|
Batting: RHB Manny Hernández
|
0-0: Ball 1-0: Fly out, F9 (Line Drive, 9M)
|
Top of the 6th over - 1 run(s), 1 hit(s), 0 error(s), 0 left on base; Pure Michigan 3 - Hialeah 4 |
BOTTOM OF THE 6TH |
Hialeah Dodos batting - Pitching for Pure Michigan Great Lakers : LHP Jim Unknown
|
Batting: RHB Ji-chol Yang
|
0-0: Foul Ball, location: 2F 0-1: Ball 1-1: Ground out 1-3 (Groundball, 13S)
|
Batting: RHB Carl Carlson
|
0-0: Called Strike 0-1: Ground out 5-3 (Groundball, 5S)
|
Batting: RHB Alexis Smeddon
|
0-0: Ball 1-0: Ball 2-0: Called Strike 2-1: Ball 3-1: Base on Balls
|
Batting: LHB Alberto Enríquez
|
0-0: Ball Alexis Smeddon steals 2nd base 1-0: Ball 2-0: Ball 3-0: Called Strike 3-1: Ground out 4-3 (Groundball, 4)
|
Bottom of the 6th over - 0 run(s), 0 hit(s), 0 error(s), 1 left on base; Pure Michigan 3 - Hialeah 4 |
TOP OF THE 7TH |
Pure Michigan Great Lakers batting - Pitching for Hialeah Dodos : RHP José Guzmán
|
Batting: RHB Adrian Barr
|
0-0: DOUBLE (Groundball, 5L)
|
Batting: RHB Paco Rodríguez
|
0-0: Ball 1-0: Swinging Strike 1-1: Foul Ball, location: 2F 1-2: Ground out 6-3 (Groundball, 6)
|
Batting: RHB Henry Potts
|
0-0: Ball 1-0: SINGLE (Line Drive, 9S) Adrian Barr to third
|
Batting: RHB Jason Shaffer
|
0-0: Ball 1-0: Foul Ball, location: 2F 1-1: Ball 2-1: Ball 3-1: Grounds into double play, 6-4-3 (Groundball, 6)
|
Top of the 7th over - 0 run(s), 2 hit(s), 0 error(s), 1 left on base; Pure Michigan 3 - Hialeah 4 |
BOTTOM OF THE 7TH |
Hialeah Dodos batting - Pitching for Pure Michigan Great Lakers : LHP Jim Unknown
|
Batting: RHB Javier Santos
|
0-0: Ball 1-0: Swinging Strike 1-1: Called Strike 1-2: Foul Ball, location: 2F 1-2: Ground out 3-1 (Groundball, 34S)
|
Batting: RHB Mitch Jensen
|
0-0: Foul Ball, location: 2F 0-1: Ball 1-1: Ground out 5-3 (Groundball, 5S)
|
Batting: LHB Alfonso Núñez
|
0-0: Called Strike 0-1: Foul Ball, location: 2F 0-2: Ground out 1-3 (Groundball, 23)
|
Bottom of the 7th over - 0 run(s), 0 hit(s), 0 error(s), 0 left on base; Pure Michigan 3 - Hialeah 4 |
TOP OF THE 8TH |
Pure Michigan Great Lakers batting - Pitching for Hialeah Dodos : RHP José Guzmán
|
Pitching: RHP Jim Unknown
|
|
Batting: RHB Shi-young Chang
|
0-0: Called Strike 0-1: Ball 1-1: Foul Ball, location: 2F 1-2: Foul Ball, location: 2F 1-2: Strikes out swinging
|
Batting: LHB Jesús Pérez
|
0-0: Called Strike 0-1: Foul Ball, location: 2F 0-2: Strikes out looking
|
Batting: RHB Dan Finch
|
0-0: Foul Ball, location: 2F 0-1: Ball 1-1: Ball 2-1: Swinging Strike 2-2: Foul Ball, location: 2F 2-2: Strikes out swinging
|
Top of the 8th over - 0 run(s), 0 hit(s), 0 error(s), 0 left on base; Pure Michigan 3 - Hialeah 4 |
BOTTOM OF THE 8TH |
Hialeah Dodos batting - Pitching for Pure Michigan Great Lakers : LHP Jim Unknown
|
Pitching: LHP Jim Unknown
|
|
Batting: RHB Pedro Longoria
|
0-0: Ball 1-0: Called Strike 1-1: Called Strike 1-2: Strikes out swinging
|
Batting: LHB Jeff Conklin
|
0-0: Ball 1-0: Ball 2-0: Ground out 1-3 (Groundball, 13S)
|
Batting: RHB Ji-chol Yang
|
0-0: Ball 1-0: Ball 2-0: Ball 3-0: Called Strike 3-1: Base on Balls
|
Batting: RHB Carl Carlson
|
0-0: Ball 1-0: Called Strike 1-1: Ball 2-1: Foul Ball, location: 2F 2-2: Foul Ball, location: 2F 2-2: SINGLE (Line Drive, 5D) Ji-chol Yang to second
|
Batting: RHB Alexis Smeddon
|
0-0: Ball 1-0: Foul Ball, location: 2F 1-1: Foul Ball, location: 2F 1-2: Fly out, F6 (Line Drive, 6)
|
Bottom of the 8th over - 0 run(s), 1 hit(s), 0 error(s), 2 left on base; Pure Michigan 3 - Hialeah 4 |
TOP OF THE 9TH |
Pure Michigan Great Lakers batting - Pitching for Hialeah Dodos : RHP Jim Unknown
|
Batting: RHB Greg Hart
|
0-0: Reached on error, E6 (Groundball, 6)
|
Batting: RHB Manny Hernández
|
0-0: Sac Bunt - play at first, batter OUT! 3-4 Greg Hart to second
|
Batting: RHB Adrian Barr
|
0-0: Ground out 5-3 (Groundball, 56)
|
Batting: RHB Paco Rodríguez
|
0-0: Called Strike 0-1: Reached on error, E1 (Groundball, 15S) Greg Hart to third
|
Batting: RHB Henry Potts
|
0-0: Ball 1-0: Fly out, F9 (Flyball, 9M)
|
Top of the 9th over - 0 run(s), 0 hit(s), 2 error(s), 2 left on base; Pure Michigan 3 - Hialeah 4 |
|